 Dungeon Crawl Stone Soup version 0.29.0 (webtiles) character file.

Game seed: 5358544824153756342

20649 Dorkslayer the Cleaver (level 12, -8/100 HPs)
             Began as a Hill Orc Fighter on Aug 31, 2022.
             Was an Initiate of Gozag.
             Mangled by an ogre
             ... wielding a +0 giant club
              (9 damage)
             ... while petrified by Jorgrun
             ... on level 2 of the Orcish Mines.
             The game lasted 00:48:15 (14987 turns).

Dorkslayer the Cleaver (Hill Orc Fighter)          Turns: 14987, Time: 00:48:16

Health: -8/100     AC: 17    Str: 22    XL:     12   Next: 81%
Magic:  12/12      EV: -1    Int:  8    God:    Gozag
Gold:   2994       SH:  0    Dex: 12    Spells: 11/11 levels left

rFire   . . .      SeeInvis +   a - +2 war axe (vorpal)
rCold   . . .      Faith    .   c - +0 buckler
rNeg    + + +      Spirit   .   j - +0 chain mail
rPois   ∞          Reflect  .   m - +0 helmet
rElec   .          Harm     .   q - +2 cloak {Will+}
rCorr   .          Rampage  .   (no gloves)
Will    +....                   H - +0 pair of boots
Stlth   ..........              (no amulet)
HPRegen 0.26/turn               J - ring of see invisible
MPRegen 0.13/turn               D - ring of poison resistance

@: petrified, grasped by roots, constricted
A: frail 1
a: Renounce Religion, Potion Petition, Call Merchant, Bribe Branch


You were on level 2 of the Orcish Mines.
You worshipped Gozag.
Gozag was most pleased with you.
You visited 3 branches of the dungeon, and saw 14 of its levels.
You also visited: Sewer.

You collected 3119 gold pieces.
You paid 125 gold pieces to Gozag.

Inventory:

Hand Weapons
 a - a +2 vorpal war axe (weapon)
 P - a +4 hand axe of freezing
Missiles
 o - a throwing net
 s - 32 poisoned darts
 t - 13 boomerangs (quivered)
 O - 3 silver boomerangs
Armour
 c - a +0 buckler (worn)
 j - a +0 chain mail (worn)
 m - a +0 helmet (worn)
 q - a +2 cloak of willpower (worn)
 H - a +0 pair of boots (worn)
Jewellery
 f - a +4 ring of protection
 C - a ring of positive energy
 D - a ring of poison resistance (right hand)
 J - a ring of see invisible (left hand)
 Q - a ring of flight
Wands
 d - a wand of paralysis (14)
 r - a wand of mindburst (8)
 B - a wand of polymorph (2)
 G - a wand of flame (12)
 R - a wand of roots (2)
Scrolls
 h - 8 scrolls of teleportation
 l - 4 scrolls of poison
 n - 2 scrolls of magic mapping
 x - a scroll of acquirement {unknown}
 y - a scroll of butterflies {unknown}
 A - 3 scrolls of immolation {unknown}
 F - a scroll of noise {unknown}
 K - a scroll of vulnerability {unknown}
 L - a scroll of blinking {unknown}
 M - a scroll of enchant armour
 S - 2 scrolls of fear {unknown}
Potions
 b - a potion of might
 e - a potion of invisibility
 g - a potion of ambrosia {unknown}
 i - a potion of attraction {unknown}
 k - 5 potions of magic
 p - 2 potions of resistance
 u - 2 potions of haste
 v - 4 potions of brilliance
 w - a potion of mutation
 E - a potion of berserk rage
 I - 2 potions of flight
 N - a potion of heal wounds
Miscellaneous
 T - a condenser vane (inert)


   Skills:
 * Level 12.1 Fighting
 + Level 14.1 Axes
 + Level 1.3 Throwing
 + Level 9.4 Armour
 * Level 6.5 Dodging
 + Level 3.2 Stealth
 + Level 6.3 Shields
 * Level 8.2 Evocations


You had 11 spell levels left.
You didn't know any spells.
Your spell library contained the following spells:

 Spells                   Type           Power      Damage    Failure   Level
 Magic Dart               Conj           0%         1d3       98%         1
 Summon Small Mammal      Summ           0%         N/A       98%         1
 Ensorcelled Hibernation  Hex/Ice        0%         N/A       99%         2
 Passwall                 Tmut/Erth      0%         N/A       99%         2
 Searing Ray              Conj           0%         2d4       99%         2
 Call Canine Familiar     Summ           0%         N/A       100%        3
 Frozen Ramparts          Ice            0%         1d1       100%        3
 Gell's Gravitas          Tloc           0%         N/A       100%        3
 Lesser Beckoning         Tloc           0%         N/A       100%        3
 Summon Guardian Golem    Hex/Summ       0%         N/A       100%        3
 Swiftness                Air            0%         N/A       100%        3
 Teleport Other           Tloc           0%         N/A       100%        3
 Fulminant Prism          Conj/Hex       0%         3d6       100%        4
 Ice Form                 Ice/Tmut       0%         N/A       100%        4
 Summon Ice Beast         Ice/Summ       0%         N/A       100%        4
 Borgnjor's Vile Clutch   Necr/Erth      0%         N/A       100%        5
 Death Channel            Necr           0%         N/A       100%        6
 Dispersal                Tloc           0%         N/A       100%        6
 Haunt                    Necr/Summ      0%         N/A       100%        7
 Infestation              Necr           0%         N/A       100%        8
 Animate Dead             Necr           Unusable   N/A       N/A         4

Dungeon Overview and Level Annotations

Branches:
Dungeon (11/15)            Temple (1/1) D:7            Lair (0/5) D:11
    Orc (2/2) D:9             Elf (0/3) Orc:2         Sewer (visited)

Altars:
Dithmenos
Gozag
Hepliaklqana
Kikubaaqudgha
Makhleb
Nemelex Xobeh
Qazlal
Ru
Sif Muna
Trog
Uskayaw
Vehumet
Wu Jian
Xom
Yredelemnul
Zin
The Shining One
Beogh

Shops:
D:3 :   D:10 :*   Orc:2 (

Annotations:
Orc:2 Jorgrun


Innate Abilities, Weirdness & Mutations

You are frail. (-10% HP)


Message History

The orc warrior hits you with a +0 mace!
The grasping roots constrict you!
The ogre is distracted by your dazzling golden aura.
The orc warrior completely misses you. You block Jorgrun's attack.
The grasping roots constrict you.
The ogre is distracted by your dazzling golden aura.
The ogre shouts!
You have turned to stone.
The ogre shouts!
The orc warrior hits you but does no damage.
Jorgrun hits you with a +0 vorpal quarterstaff.
The grasping roots constrict you!
The ogre is no longer distracted by gold.
The orc warrior hits you with a +0 mace.
Jorgrun is distracted by your dazzling golden aura.
The grasping roots constrict you!
The orc warrior hits you but does no damage.
The grasping roots constrict you.
The orc warrior hits you with a +0 mace.
The grasping roots constrict you!
The ogre is distracted by your dazzling golden aura.
The ogre is no longer distracted by gold.
The orc warrior hits you with a +0 mace.
The grasping roots constrict you. The ogre hits you with a +0 giant club!
* * * LOW HITPOINT WARNING * * *
The ogre hits you with a +0 giant club.
The ogre shouts!
Jorgrun is no longer distracted by gold.
The orc warrior hits you with a +0 mace.
* * * LOW HITPOINT WARNING * * *
Jorgrun casts a spell at you. The iron shot hits you!!
* * * LOW HITPOINT WARNING * * *
The grasping roots constrict you!
* * * LOW HITPOINT WARNING * * *
The ogre hits you with a +0 giant club!
* * * LOW HITPOINT WARNING * * *
The ogre hits you with a +0 giant club!!
You die...
Your body crumbles into a pile of gold.

**,,,,,,*,,,,,,,,,,,,,
*....*......#,,,,,,,,,
**...,.......,,,,,,,,,
*...*.#.....,,,,,,,,,
##..,.......>,,,,,,,,
#...#.......,,,,,,,,,
##..#$.......,,,,,,,,,
#...OgOO.....,,,,,,,,,
##....@o......,,,,,,,,,
#....$........,,,,,,,,,
##...$........,,,,,,,,,
##............,,,,,,,,,
#.............,,,,,,,,*
#.#............,,,,,,,,*
##.............,,,,,,,,*
##............,,,,,,,,*
##..)........,,,,,,,,,*


You could see Jorgrun, an orc warrior and 3 ogres.

Vanquished Creatures
  Erolcha (D:10)
  2 boulder beetles (D:11)
  5 two-headed ogres
  The ghost of SgtSorry the Tainter, a journeyman SpVM of Qazlal (Orc:1)
  2 orc sorcerers
  2 ugly things
  A manticore (D:11)
  2 cyclopes
  Maurice (D:8)
  Maggie (D:7)
  A komodo dragon (D:11)
  A troll (D:11)
  A hornet (D:9)
  Prince Ribbit (D:9)
  Sigmund (D:2)
  2 shadows (D:11)
  10 yaks
  4 wyverns
  4 steam dragons
  2 wargs
  Duvessa (D:4)
  2 water moccasins
  7 orc warriors
  An ice beast (D:5)
  2 black bears (D:11)
  13 ogres
  4 centaurs
  3 kobold brigands
  3 necrophages
  3 bullfrogs
  4 scorpions
  4 gnoll sergeants
  20 wights
  Dowan (D:4)
  27 killer bees
  3 howler monkeys
  13 orc priests
  9 hounds
  2 jellies
  Crazy Yiuf (D:2)
  2 iguanas
  17 orc wizards
  20 gnolls
  17 adders
  5 river rats (Sewer)
  3 shadow imps
  2 ufetubi
  5 worms
  A dart slug (D:4)
  83 orcs
  12 ball pythons
  4 endoplasms
  6 giant cockroaches
  4 goblins
  7 hobgoblins
  4 quokkas
  2 bats (D:1)
  9 frilled lizards
  24 kobolds
  19 rats
414 creatures vanquished.

Vanquished Creatures (others)
  An orc wizard (Orc:2)
  2 fungi (D:11)
  3 plants (D:11)
6 creatures vanquished.

Grand Total: 420 creatures vanquished

Notes
Turn   | Place    | Note
-------+----------+-------------------------------------------
     0 | D:1      | Dorkslayer the Hill Orc Fighter began the quest for the
                  | Orb.
     0 | D:1      | Reached XP level 1. HP: 19/19 MP: 1/1
    98 | D:1      | Reached XP level 2. HP: 25/27 MP: 2/2
   288 | D:1      | Reached skill level 3 in Axes
   322 | D:1      | Reached XP level 3. HP: 29/33 MP: 3/3
   829 | D:2      | Noticed Sigmund
   835 | D:2      | Killed Sigmund
   836 | D:2      | Reached skill level 4 in Axes
   836 | D:2      | Reached skill level 1 in Dodging
   836 | D:2      | Reached XP level 4. HP: 41/41 MP: 4/4
   836 | D:2      | Reached XP level 5. HP: 47/47 MP: 5/5
   956 | D:2      | Reached skill level 5 in Fighting
   957 | D:2      | Reached XP level 6. HP: 47/56 MP: 6/6
  1069 | D:2      | Found a runed translucent door.
  1070 | D:2      | Noticed Crazy Yiuf
  1076 | D:2      | Killed Crazy Yiuf
  1077 | D:2      | Reached skill level 1 in Evocations
  1192 | D:2      | Reached skill level 5 in Axes
  1509 | D:3      | Found Qippun's Book Shoppe.
  1596 | D:3      | Noticed a great orb of eyes
  1597 | D:3      | Found a faded altar of an unknown god.
  1600 | D:3      | Noticed a floating eye
  1601 | D:3      | Noticed an eye of devastation
  1601 | D:3      | Noticed a floating eye
  2252 | D:4      | Found a glowing drain.
  2253 | D:4      | Noticed Duvessa
  2253 | D:4      | Noticed Dowan
  2260 | D:4      | Killed Dowan
  2264 | D:4      | Killed Duvessa
  2265 | D:4      | Reached skill level 6 in Axes
  2265 | D:4      | Reached XP level 7. HP: 18/61 MP: 7/7
  2305 | Sewer    | Entered a sewer
  3120 | D:4      | Reached skill level 7 in Axes
  3120 | D:4      | Reached XP level 8. HP: 64/70 MP: 8/8
  3794 | D:5      | Entered Level 5 of the Dungeon
  3838 | D:5      | Reached skill level 5 in Armour
  4108 | D:5      | Reached skill level 8 in Axes
  4124 | D:5      | Found a sparkling altar of Nemelex Xobeh.
  4125 | D:5      | Found a sacrificial altar of Ru.
  4510 | D:5      | Found a burning altar of Makhleb.
  4796 | D:6      | Identified the +2 dagger "Inifis" {antimagic, rN+ Str-3
                  | Int+4}
  4887 | D:6      | Reached XP level 9. HP: 79/79 MP: 9/9
  5255 | D:6      | Reached skill level 9 in Axes
  5403 | D:6      | Found an ancient bone altar of Kikubaaqudgha.
  5610 | D:6      | Reached skill level 1 in Stealth
  6164 | D:7      | Noticed Maggie
  6486 | D:7      | Killed Maggie
  6534 | D:7      | Reached skill level 5 in Evocations
  6537 | D:7      | Noticed a two-headed ogre
  6553 | D:7      | Killed a two-headed ogre
  6554 | D:7      | Reached skill level 10 in Axes
  6554 | D:7      | Reached XP level 10. HP: 57/88 MP: 10/10
  6867 | D:7      | Found a staircase to the Ecumenical Temple.
  6884 | Temple   | Entered the Ecumenical Temple
  7143 | Temple   | Became a worshipper of Gozag Ym Sagoz the Greedy
  8093 | D:8      | Noticed Maurice
  8106 | D:8      | Killed Maurice
  8115 | D:8      | Reached skill level 5 in Shields
  8717 | D:8      | Reached skill level 11 in Axes
  9109 | D:9      | Noticed a green ugly thing
  9119 | D:9      | Killed a green ugly thing
  9120 | D:9      | Reached skill level 5 in Dodging
  9120 | D:9      | Reached XP level 11. HP: 91/97 MP: 11/11
  9356 | D:9      | Noticed Prince Ribbit
  9377 | D:9      | Killed Prince Ribbit
  9698 | D:9      | Found a staircase to the Orcish Mines.
 10471 | D:10     | Entered Level 10 of the Dungeon
 10471 | D:10     | Noticed a two-headed ogre
 10482 | D:10     | Reached skill level 12 in Axes
 10488 | D:10     | Killed a two-headed ogre
 10489 | D:10     | Reached skill level 10 in Fighting
 10867 | D:10     | Noticed Erolcha
 10874 | D:10     | Killed Erolcha
 10967 | D:10     | Found Doanim's Book Shop.
 10980 | D:10     | Noticed a two-headed ogre
 10995 | D:10     | Killed a two-headed ogre
 11642 | D:10     | Found Gown's Changing Room.
 11651 | D:10     | Identified the +3 hand axe of Judgement {chaos, *Slow rElec
                  | Will+}
 11735 | D:11     | Noticed a white ugly thing
 11742 | D:11     | Killed a white ugly thing
 11965 | D:11     | Noticed a boulder beetle
 11992 | D:11     | HP: 2/102 [boulder beetle (10)]
 12007 | D:11     | Killed a boulder beetle
 12008 | D:11     | Reached skill level 13 in Axes
 12008 | D:11     | Reached XP level 12. HP: 14/110 MP: 12/12
 12508 | D:11     | Found a staircase to the Lair.
 12593 | D:11     | Noticed a two-headed ogre
 12603 | D:11     | Killed a two-headed ogre
 12620 | D:11     | HP: 3/110 [manticore/volley of spikes (17)]
 13157 | D:11     | Noticed a boulder beetle
 13199 | D:11     | Killed a boulder beetle
 13340 | Orc:1    | Entered Level 1 of the Orcish Mines
 13351 | D:9      | Reached skill level 1 in Throwing
 13708 | Orc:1    | Found a roughly hewn altar of Beogh.
 13719 | Orc:1    | Gained mutation: You are frail. (-10% HP) [a neqoxec]
 14045 | Orc:1    | Found a runed translucent door.
 14045 | Orc:1    | Noticed SgtSorry's ghost (journeyman SpVM)
 14070 | Orc:1    | Killed SgtSorry's ghost
 14229 | Orc:2    | Entered Level 2 of the Orcish Mines
 14283 | Orc:2    | Found Engav's Weapon Boutique.
 14590 | Orc:2    | Reached skill level 14 in Axes
 14599 | Orc:2    | Noticed a two-headed ogre
 14621 | Orc:2    | Killed a two-headed ogre
 14971 | Orc:2    | Noticed Jorgrun
 14987 | Orc:2    | HP: 1/100 [ogre/+0 giant club (5)]
 14987 | Orc:2    | Mangled by an ogre

Illustrated notes

Levels and vault maps discovered:
D:1:      nicolae_arrival_washed_ashore, layout_loops_ring, minmay_hedge_maze,
          kennysheep_minor_cross, minmay_bisected
D:2:      layout_rooms, palyth_stone_intersect, roderic_malta_cross,
          minmay_stone_trees_small, minmay_misc_feat_enclosed, hex_intersection,
          kennysheep_generic_room_13, uniq_sigmund, uniq_crazy_yiuf_cottage
D:3:      layout_basic, serial_shops, nicolae_shop_window_shopping,
          hellmonk_ecumenical_altar_watching_god
D:4:      layout_loops_cross, gup_sewer_entry_glass, uniq_duvessa
D:5:      layout_basic, nicolae_overflow_squiral, lightli_temple_of_fire
D:6:      layout_basic, mainiacjoe_overflow_brackets
D:7:      layout_basic, minmay_temple_entry_junction, lightli_corner_chamber,
          uniq_maggie
D:8:      layout_basic, uniq_maurice
D:9:      layout_basic, hiddenorc2_lemuel, amcnicky_mini_pool_small,
          uniq_prince_ribbit1
D:10:     layout_rooms, serial_shops, shop, nicolae_transmutations_shop,
          kennysheep_potato, uniq_erolcha
D:11:     layout_rooms, grunt_lair_entry_orc_guard_hut
Temple:   mainiacjoe_temple_coin_purse
Orc:1:    layout_caves, gammafunk_ghost_grave, mines2_david
Orc:2:    st_orc_ogre_mass, layout_diamond_mine, serial_shops,
          nicolae_square_shop, uniq_jorgrun

Skill      XL: |  1  2  3  4  5  6  7  8  9 10 11 12 |
---------------+-------------------------------------+-----
Fighting       | 4 5 7 8 9 11 12 | 12.1
Axes           | 3 4 6 7 8 10 11 13 14 | 14.1
Dodging        | 1 2 3 4 5 6 |  6.5
Shields        | 4 5 6 |  6.3
Evocations     | 1 2 4 5 6 7 8 |  8.2
Armour         | 4 5 6 7 8 9 |  9.4
Stealth        | 2 3 |  3.2
Throwing       | 1 |  1.3

Action                   |  1- 3 |  4- 6 |  7- 9 | 10-12 || total
-------------------------+-------+-------+-------+-------++-------
Melee: War axe           |    59 |   101 |   356 |   680 ||  1196
Throw: Dart              |       |     1 |     4 |       ||     5
       Boomerang         |       |       |     1 |    19 ||    20
Evoke: Wand              |       |       |     4 |    27 ||    31
       Condenser vane    |       |       |       |     1 ||     1
  Use: Potion            |     1 |     2 |     4 |     8 ||    15
       Scroll            |       |    11 |     3 |     9 ||    23
 Stab: Paralysed         |       |       |     7 |     2 ||     9
       Distracted        |       |       |       |     7 ||     7
       Invisible         |       |       |       |     1 ||     1
Armor: Scale mail        |     7 |       |       |       ||     7
       Chain mail        |    16 |    37 |   238 |   267 ||   558
Dodge: Dodged            |    29 |    43 |   152 |   259 ||   483
Block: Buckler           |     9 |    26 |    91 |   129 ||   255
